 Dungeon Crawl Stone Soup version 0.19-a0-1107-gc676ff4 (webtiles) character file.

257 4thArraOfDagon the Ruffian (level 5, -1/46 HPs)
             Began as a Troll Arcane Marksman on Aug 9, 2016.
             Slain by an orc
             ... wielding a +0 trident
              (5 damage)
             ... on level 7 of the Dungeon.
             The game lasted 00:03:22 (714 turns).

4thArraOfDagon the Ruffian (Troll Arcane Marksman)   Turns: 714, Time: 00:03:22

Health: -1/46      AC:  6    Str: 24    XL:     5   Next: 93%
Magic:  5/5        EV: 10    Int: 10    God:
Gold:   131        SH:  0    Dex:  9    Spells: 1 memorised, 5 levels left

rFire  . . .     SeeInvis .       - Unarmed
rCold  . . .     Gourm    +     a - +0 robe
rNeg   . . .     Faith    .     (no shield)
rPois  .         Spirit   .     (helmet restricted)
rElec  .         Dismiss  .     n - +0 cloak
rCorr  .         Reflect  .     (gloves unavailable)
SustAt .         Harm     .     (boots unavailable)
MR     .....                    (no amulet)
Stlth  +.........               (no ring)
                                l - ring of flight

@: mighty
A: unfitting armour, claws 3, fast metabolism 3, gourmand, regeneration 2,
shaggy fur 1, tough skin 2
a: Evoke Flight


You were on level 7 of the Dungeon.
You were very full.

You visited 1 branch of the dungeon, and saw 7 of its levels.

You collected 131 gold pieces.

Inventory:

Missiles
 c - 4 large rocks
 d - a throwing net (quivered)
Armour
 a - a +0 robe (worn)
 n - a +0 cloak (worn)
Jewellery
 l - a ring of flight (left claw)
Scrolls
 e - a scroll of amnesia {unknown}
 h - a scroll of enchant armour {unknown}
 i - 3 scrolls of remove curse {unknown}
 k - a scroll of identify {unknown}
 m - a scroll of immolation {unknown}
 o - a scroll of teleportation {unknown}
Books
 b - a book of Debilitation

   Spells                             Type                      Level
   a - Corona                         Hexes                        1
   b - Slow                           Hexes                        2
   c - Gell's Gravitas                Hexes/Translocation          3
   d - Inner Flame                    Hexes/Fire                   3
   e - Cause Fear                     Hexes                        4
   f - Leda's Liquefaction            Hexes/Earth                  4
Comestibles
 f - 4 bread rations
 g - a beef jerky


   Skills:
 - Level 0.7 Fighting
 - Level 1.7 Throwing
 - Level 1.5 Dodging
 * Level 5.8 Unarmed Combat
 - Level 1.0 Spellcasting
 - Level 2.0 Hexes


You had 5 spell levels left.
You knew the following spells:

 Your Spells              Type           Power        Failure   Level  Hunger
a - Corona                Hex            #......      17%         1    ##.....


Dungeon Overview and Level Annotations

Branches:
Dungeon (7/15)
 Temple: D:4-7

Altars:


Innate Abilities, Weirdness & Mutations

You are too large for most types of armour.
You have claws for hands.
Your metabolism is lightning-fast.
You like to eat raw meat.
You heal very quickly.
You are covered in fur. (AC +1)
You have very tough skin. (AC +2)


Message History

You are too injured to fight recklessly!
You barely miss the ice beast.
The ice beast is heavily wounded.
The orc misses you.
The ice beast hits you but does no damage.
Unknown command.
You scratch the ice beast but do no damage.
Your claw misses the ice beast.
The ice beast is heavily wounded.
The ice beast hits you but does no damage.
The orc closely misses you.
Unknown command.
It was a potion of might.
You feel very mighty all of a sudden. The ice beast hits you.
* * * LOW HITPOINT WARNING * * *
The ice beast freezes you!
* * * LOW HITPOINT WARNING * * *
The orc hits you from afar with a trident.
You die...

#####.#....#.###############
...#....#..#######
....................
....#########.###### .. #.##
. #..## #...# #...# #..@#
###Y## . #oo# . ##.## . #..#
. ##.# . #......o..# .
#.........# .### #.........#


You could see an ice beast, an orc wizard and an orc.

Vanquished Creatures
  An ice beast (D:7)
  A giant frog (D:7)
  3 worker ants
  An adder (D:7)
  An adder skeleton (D:5)
  A dart slug (D:3)
  2 giant geckos
  4 orcs
  2 giant cockroaches
  A hobgoblin (D:1)
  A bat (D:1)
  A giant newt (D:1)
  A kobold (D:1)
  2 rats (D:1)
22 creatures vanquished.

Notes
Turn   | Place    | Note
-------+----------+-------------------------------------------
     0 | D:1      | 4thArraOfDagon the Troll Arcane Marksman began the quest for the Orb.
     0 | D:1      | Reached XP level 1. HP: 18/18 MP: 1/1
    15 | D:1      | Reached skill level 1 in Unarmed Combat
   130 | D:1      | Reached XP level 2. HP: 26/26 MP: 2/2
   236 | D:3      | You fall through a shaft!
   293 | D:4      | Reached skill level 2 in Unarmed Combat
   327 | D:5      | Entered Level 5 of the Dungeon
   391 | D:5      | Reached XP level 3. HP: 27/32 MP: 3/3
   410 | D:5      | Reached skill level 3 in Unarmed Combat
   545 | D:7      | Reached XP level 4. HP: 40/40 MP: 4/4
   593 | D:7      | Noticed an ice beast
   608 | D:7      | Killed an ice beast
   608 | D:7      | Reached skill level 4 in Unarmed Combat
   608 | D:7      | Reached XP level 5. HP: 46/46 MP: 5/5
   633 | D:7      | Reached skill level 5 in Unarmed Combat
   698 | D:7      | Noticed an ice beast
   714 | D:7      | Slain by an orc

Vault maps used:
D:1:      roderic_octagonal_star, kennysheep_nondescript
D:2:      elyvilon_altar_1, first_bread, ecumenical_altar_2
D:3:      gup_sewer_entry_bubbles
D:5:      basic_altar
D:7:      grunt_livestock

Skill      XL: |  1  2  3  4  5 |
---------------+----------------+-----
Unarmed Combat | 1 2 3 4 5 |  5.8
Fighting       | |  0.7
Throwing       | |  1.7
Dodging        | |  1.5
Spellcasting   | |  1.0
Hexes          | |  2.0

Action                   |  1- 3 |  4- 6 || total
-------------------------+-------+-------++-------
Melee: Unarmed           |    41 |    33 ||    74
       Punch             |     1 |     1 ||     2
Throw: Throwing net      |       |     1 ||     1
  Use: Potion            |       |     1 ||     1
  Eat: Chunk             |     6 |     4 ||    10
Armor: Robe              |    15 |     6 ||    21
Dodge: Dodged            |    25 |    22 ||    47
